Map: Shrines of Lizul

Players

PureLegacy - Winner!

  • Race: Terran Terran
  • Spawn Location: 12:00

LOADBLASTER - Winner!

  • Race: Terran Terran
  • League: Grandmaster
  • Spawn Location: 3:00

ViperHyper

  • Race: Terran Terran
  • League: Master
  • Spawn Location: 9:00

llllllllllll

  • Race: Terran Terran
  • League: Master
  • Spawn Location: 6:00

VOD

Have the link to the VOD?

Description

Time

  • Played on: Dec. 1, 2018, 2:16 p.m.
  • Length: 7:34
Show
View Real Time Build Order
Export as new Build Order

PureLegacy Terran - Winner!

Build Orders:  

Get SALT Encoding   

  12  0:00  SCV  
  13  0:13  SCV  
  14  0:18  Supply Depot  
  14  0:25  SCV  
  15  0:29  Refinery  
  15  0:40  SCV  
  16  0:47  Barracks  
  16  0:52  SCV  
  17  1:10  Barracks  
  17  1:17  Barracks  
  17  1:22  SCV  
  18  1:34  Reaper  
  19  1:41  Orbital Command  
  19  1:48  Refinery  
  19  1:57  Supply Depot  
  19  1:59  Reaper  
  20  2:04  Reaper  
  21  2:09  Reaper  
  22  2:16  SCV  
  22  2:20  Supply Depot  
  23  2:29  SCV  
  24  2:31  Reaper  
  24  2:34  Bunker  
  25  2:38  Reaper  
  25  2:42  Reaper  
  27  2:46  SCV  
  28  3:03  Reaper  
  29  3:06  SCV  
  30  3:13  Reaper  
  31  3:27  Reaper  
  29  3:37  Barracks  
  29  3:38  Supply Depot, Reaper  
  29  3:39  Barracks  
  30  3:45  Reaper  
  31  3:59  Reaper  
  31  4:00  SCV  
  33  4:10  Reaper  
  34  4:22  Reaper  
  34  4:28  Reaper x2  
  34  4:30  Command Center  
  36  4:37  Reaper  
  36  4:46  Reaper  
  36  4:54  Reaper  
  31  5:14  Reaper  
  31  5:15  Reaper  
  31  5:17  Reaper  
  31  5:18  SCV  
  31  5:20  Supply Depot  
  35  5:30  Reaper  
  35  5:34  Barracks Tech Lab  
  35  5:39  SCV  
  36  5:46  Orbital Command  
  38  6:07  SCV  
  40  6:18  SCV  
  41  6:23  Marine x2  
  41  6:24  Marine x3  
  42  6:25  SCV  
  42  6:27  Factory  
  42  6:30  SCV  
  44  6:40  SCV  
  44  6:42  SCV  
  46  6:47  Marine x5  
  50  6:58  SCV  
  52  7:01  Engineering Bay  
  52  7:03  Supply Depot  
  52  7:06  Barracks Reactor x3  
  52  7:07  Barracks Reactor  
  42  7:29  Factory Reactor, Starport  
Show
View Real Time Build Order
Export as new Build Order

LOADBLASTER Terran - Winner!

Build Orders: 1/1/1, Liberator Opening 

Get SALT Encoding   

  12  0:00  SCV  
  13  0:12  SCV  
  14  0:18  Supply Depot  
  14  0:25  SCV  
  15  0:30  Refinery  
  15  0:39  SCV  
  16  0:46  Barracks  
  16  0:51  SCV  
  17  0:58  Refinery  
  17  1:03  SCV  
  18  1:16  SCV  
  19  1:34  Reaper, Orbital Command  
  20  1:41  Factory  
  20  1:53  Supply Depot  
  20  2:01  SCV  
  20  2:06  Reaper  
  22  2:13  SCV  
  23  2:25  Hellion  
  23  2:27  Starport  
  23  2:29  SCV  
  26  2:38  Reaper  
  26  2:41  Supply Depot  
  27  2:46  Hellion  
  27  2:47  SCV  
  27  2:48  Liberator  
  33  3:07  Hellion  
  33  3:10  Reaper  
  33  3:12  Supply Depot  
  36  3:16  SCV  
  31  3:29  Hellion  
  31  3:30  SCV  
  27  3:42  Reaper, SCV  
  18  4:03  SCV  
  18  4:15  SCV  
  17  4:17  Liberator  
  16  4:38  SCV  
  20  4:41  Hellion  
  22  4:50  SCV  
  23  5:02  SCV  
  23  5:06  Hellion  
  27  5:14  SCV  
  27  5:20  Command Center  
  27  5:21  Barracks Reactor  
  27  5:26  SCV  
  27  5:27  Factory Tech Lab  
  28  5:35  Refinery  
  28  5:38  SCV  
  29  5:50  SCV  
  29  5:54  Siege Tank  
  33  5:57  Supply Depot  
  33  5:59  Marine x2  
  33  6:02  SCV  
  31  6:06  Bunker  
  31  6:14  SCV  
  31  6:16  Marine x2  
  31  6:17  Bunker  
  34  6:26  SCV, Siege Tank  
  38  6:33  Orbital Command  
  38  6:34  Marine  
  38  6:38  SCV  
  38  6:51  SCV  
  35  7:00  SCV  
  35  7:03  SCV  
  36  7:13  SCV  
  36  7:15  SCV  
Show
View Real Time Build Order
Export as new Build Order

ViperHyper Terran 

Build Orders:  

Get SALT Encoding   

  12  0:00  SCV  
  13  0:13  SCV  
  14  0:18  Supply Depot  
  14  0:25  SCV  
  15  0:39  SCV  
  15  0:41  Barracks  
  16  0:45  Refinery  
  16  0:51  SCV  
  17  1:03  SCV  
  18  1:06  Barracks  
  18  1:15  SCV  
  19  1:28  Barracks Tech Lab, Orbital Command  
  19  1:34  Supply Depot  
  19  1:47  Marauder, Concussive Shells  
  21  1:53  SCV  
  22  1:56  Barracks Tech Lab  
  22  2:06  SCV  
  25  2:08  Marauder  
  25  2:11  Supply Depot  
  25  2:17  Marauder  
  25  2:18  SCV  
  30  2:30  Marauder, SCV  
  30  2:35  Supply Depot  
  31  2:39  Marauder  
  31  2:42  SCV  
  36  2:51  Marauder  
  36  2:54  SCV  
  37  3:00  Marauder  
  39  3:06  SCV  
  42  3:12  Marauder  
  40  3:22  Marauder  
  40  3:25  SCV  
  43  3:34  Marauder  
  43  3:37  SCV  
  43  3:38  Supply Depot  
  42  4:01  Orbital Command  
  36  4:03  Marine x2  
  36  4:10  Engineering Bay  
  34  4:20  Marine x2  
  32  4:27  SCV  
  32  4:31  Barracks  
  28  4:39  SCV  
  28  4:44  Marauder x2  
  33  4:49  Bunker  
  34  4:54  Barracks  
  34  4:57  Barracks  
  34  4:58  Orbital Command  
  21  5:27  Orbital Command  
  21  5:33  Marine x2  
  17  6:08  Marine  
  18  6:11  Orbital Command  
  18  6:12  Marine  
    6:54  SCV  
  1  7:06  SCV  
Show
View Real Time Build Order
Export as new Build Order

llllllllllll Terran 

Build Orders:  

Get SALT Encoding   

  12  0:01  SCV  
  13  0:13  SCV  
  14  0:18  Supply Depot  
  14  0:25  SCV  
  15  0:29  Refinery  
  15  0:41  Barracks  
  15  0:54  Barracks  
  15  1:09  Barracks  
  15  1:14  SCV  
  16  1:23  Refinery  
  16  1:29  Reaper  
  17  1:41  Reaper  
  18  1:50  Orbital Command  
  18  1:57  Reaper  
  19  2:02  Reaper  
  20  2:13  Reaper  
  21  2:20  Supply Depot  
  21  2:25  SCV  
  21  2:29  Reaper  
  23  2:41  Reaper  
  24  2:45  Reaper  
  24  2:46  Supply Depot  
  25  2:56  SCV  
  26  3:02  Reaper  
  27  3:13  Reaper  
  27  3:17  Reaper  
  27  3:34  Reaper  
  27  3:36  SCV  
  28  3:45  Reaper  
  29  3:49  Reaper, SCV  
  30  3:56  Supply Depot  
  30  4:01  SCV  
  31  4:06  Reaper, Bunker  
  31  4:13  SCV  
  29  4:18  Reaper  
  29  4:21  Reaper  
  29  4:27  SCV  
  28  4:34  Engineering Bay  
  28  4:38  Reaper  
  29  4:39  SCV  
  30  4:50  Reaper  
  31  4:52  SCV  
  31  4:53  Reaper  
  31  5:04  Missile Turret  
  31  5:10  Reaper  
  31  5:12  Barracks  
  31  5:13  Barracks  
  31  5:22  Reaper  
  31  5:26  Marine  
  33  5:30  SCV  
  34  5:42  Marine, SCV  
  36  5:44  Reaper  
  36  5:54  Marine  
  37  6:00  Reaper  
  38  6:05  Reaper  
  38  6:06  Reaper  
  40  6:11  Marine  
  40  6:15  Marine  
  42  6:25  Orbital Command  
  37  7:00  Reaper  
  38  7:01  Refinery  
  39  7:14  Refinery  
  39  7:16  Missile Turret  
  39  7:18  Missile Turret  
Tags
 
Add a new tag
Caveats
  • Supply blocks, unpowered buildings, or Contaminate may cause inaccurate times.
  • Supply counts are checked every 10 seconds.